 Dungeon Crawl Stone Soup version 0.22-a0-388-g09e6169 (webtiles) character file.

807 JeffiDaFish the Conjurer (level 7, -5/50 HPs)
             Began as a White Draconian Fire Elementalist on Apr 29, 2018.
             Slain by Pikel
             ... wielding a +0 whip of electrocution
              (7 damage)
             ... on level 5 of the Dungeon.
             The game lasted 00:11:52 (5839 turns).

JeffiDaFish the Conjurer (DrFE)                     Turns: 5839, Time: 00:11:53

Health: -5/50      AC:  6    Str: 10    XL:     7   Next: 60%
Magic:  2/13       EV: 12    Int: 18    God:
Gold:   290        SH:  0    Dex: 11    Spells: 6/14 levels left

rFire    . . .     SeeInvis .   i - +2 dagger (venom)
rCold    + + .     Gourm    .   (no shield)
rNeg     . . .     Faith    .   (armour unavailable)
rPois    .         Spirit   .   (helmet restricted)
rElec    .         Reflect  .   (no cloak)
rCorr    .         Harm     .   (no gloves)
MR       .....                  (no boots)
Stlth    ++........             (no amulet)
HPRegen  0.16/turn              f - ring of protection from cold
MPRegen  0.13/turn              (no ring)

@: very slightly contaminated
A: breathe frost, unfitting armour, cold resistance 1, cold-blooded, AC +6
a: Breathe Frost


You were on level 5 of the Dungeon.
You were hungry.

You visited 1 branch of the dungeon, and saw 5 of its levels.

You collected 290 gold pieces.

Inventory:

Hand Weapons
 i - a +2 dagger of venom (weapon)
Jewellery
 f - a ring of protection from cold (left hand)
Wands
 g - a wand of iceblast (2)
 j - a wand of digging (9)
Scrolls
 e - 3 scrolls of remove curse
 h - 9 scrolls of identify
Potions
 a - a potion of invisibility
 c - 2 potions of flight
 d - 3 potions of heal wounds
 k - 3 potions of curing
Comestibles
 b - 11 rations


   Skills:
 - Level 2.2 Dodging
 - Level 1.7 Stealth
 + Level 4.3 Spellcasting
 * Level 5.8 Conjurations
 + Level 4.2 Fire Magic


You had 6 spell levels left.
You knew the following spells:

 Your Spells              Type           Power        Failure   Level  Hunger
a - Flame Tongue          Conj/Fire      ###..        1%          1    None
b - Conjure Flame         Conj/Fire      ###.....     5%          3    ###....
c - Sticky Flame          Conj/Fire      ###.....     19%         4    ####...


Dungeon Overview and Level Annotations

Branches:
Dungeon (5/15)
 Temple: D:4-7

Altars:
Ashenzari
Kikubaaqudgha
Makhleb
Ru
Uskayaw
The Shining One

Shops:
D:4 (

Annotations:
D:5 Pikel


Innate Abilities, Weirdness & Mutations

You can breathe waves of freezing cold.
You can buffet flying creatures when you breathe cold.
Your icy white scales are hard. (AC +6)
You cannot fit into any form of body armour.
Your flesh is cold resistant. (rC+)
You are cold-blooded and may be slowed by cold attacks.


Message History

Pikel is almost dead.
Pikel hits you with a whip of electrocution.
* * * LOW HITPOINT WARNING * * *
Casting: Flame Tongue (safe; 1% risk of failure)
Confirm with . or Enter, or press ? or * to list all spells.
Aiming: Flame Tongue (safe; 1% risk of failure)
Press: ? - help, Shift-Dir - straight line, f/p - Pikel
Aim: Pikel, wielding a whip of electrocution and wearing a robe (almost dead, poisoned)
The flame tongue misses Pikel.
The flame tongue hits the slave.
The slave is severely wounded.
Pikel closely misses you.
Casting: Flame Tongue (safe; 1% risk of failure)
Confirm with . or Enter, or press ? or * to list all spells.
Aiming: Flame Tongue (safe; 1% risk of failure)
Press: ? - help, Shift-Dir - straight line, f/p - Pikel
Aim: Pikel, wielding a whip of electrocution and wearing a robe (almost dead, poisoned)
The flame tongue misses Pikel.
The flame tongue hits the slave.
The slave is almost dead.
Pikel hits you with a whip of electrocution!
You die...

############ ...........#
##########.# ##########.##
#.....<.....# ...#######..#
#.#.## #..###########.#
#.##.# ##.#....@Kpp....#
..##.# #.###..##########
####.#####.#.#........#
...[...# ##.#########.#
...###.# ### #.# ######.# #.#
.....#.# ##### #.#######
####.#.# #...####........
####.#.#######.......########


You could see Pikel and 2 slaves.

Vanquished Creatures
  The ghost of Synzig the Shield-Bearer, an amateur OpFi (D:4)
  A water moccasin (D:5)
  2 slaves (D:5)
  A scorpion (D:4)
  2 crimson imps (D:5)
  2 orc priests (D:3)
  A bullfrog skeleton (D:5)
  3 worker ants
  A hound zombie (D:5)
  10 adders
  An ooze (D:2)
  A worm (D:3)
  4 dart slugs
  7 leopard geckos
  10 orcs (D:3)
  7 bats
  5 giant cockroaches
  10 goblins
  13 hobgoblins
  6 jackals
  A quokka (D:3)
  3 ball pythons
  4 frilled lizards
  9 kobolds
  4 rats
  A bush (D:2)
110 creatures vanquished.

Notes
Turn   | Place    | Note
-------+----------+-------------------------------------------
     0 | D:1      | JeffiDaFish the Draconian Fire Elementalist began the quest for the Orb.
     0 | D:1      | Reached XP level 1. HP: 14/14 MP: 3/3
   396 | D:1      | Reached XP level 2. HP: 20/20 MP: 0/5
  1132 | D:2      | Reached XP level 3. HP: 20/26 MP: 3/6
  1458 | D:2      | Reached skill level 2 in Conjurations
  1485 | D:2      | Found a glowing golden altar of the Shining One.
  1803 | D:2      | Found a burning altar of Makhleb.
  1944 | D:2      | Reached XP level 4. HP: 33/33 MP: 3/7
  1984 | D:2      | Learned a level 3 spell: Conjure Flame
  1989 | D:2      | Learned a level 4 spell: Sticky Flame
  2246 | D:2      | Found a hide-covered altar of Uskayaw.
  2495 | D:3      | Reached skill level 3 in Conjurations
  2514 | D:3      | Reached XP level 5. HP: 9/38 MP: 3/9
  3447 | D:3      | Found an ancient bone altar of Kikubaaqudgha.
  3910 | D:4      | Found Teqomn's Weapon Shop.
  4134 | D:4      | Reached skill level 4 in Conjurations
  4134 | D:4      | Reached XP level 6. HP: 45/45 MP: 3/11
  4580 | D:4      | Found a shattered altar of Ashenzari.
  4596 | D:4      | Noticed Synzig's ghost (amateur OpFi)
  4601 | D:4      | Killed Synzig's ghost
  4762 | D:4      | Found a sacrificial altar of Ru.
  4869 | D:5      | Entered Level 5 of the Dungeon
  4935 | D:5      | Reached skill level 5 in Conjurations
  4935 | D:5      | Your scales start taking on an icy white colour.
  4935 | D:5      | Reached XP level 7. HP: 50/50 MP: 3/12
  4935 | D:5      | Gained mutation: Your flesh is cold resistant. (rC+) [White Draconian growth]
  5814 | D:5      | Noticed Pikel
  5837 | D:5      | HP: 1/50 [Pikel/whip of electrocution (2)]
  5839 | D:5      | Slain by Pikel

Vault maps used:
D:1:      dpeg_arrival_water_fire, serial_bayou_lake_a
D:2:      overflow_temple_1_default, overflow_temple_1_default,
          lemuel_crystal_altar, first_ration, minmay_hedge_maze,
          minmay_tetromino_i2
D:3:      old_standard_altar
D:4:      nicolae_ashenzari_panopticon, nicolae_ru_path_of_blood, serial_shops,
          kennysheep_mini
D:5:      uniq_pikel

Skill      XL: |  1  2  3  4  5  6  7 |
---------------+----------------------+-----
Dodging        | 2 |  2.2
Conjurations   | 2 3 4 5 |  5.8
Spellcasting   | 3 4 |  4.3
Fire Magic     | 4 3 4 |  4.2
Stealth        | |  1.7

Action                   |  1- 3 |  4- 6 |  7- 9 || total
-------------------------+-------+-------+-------++-------
Melee: Unarmed           |     8 |       |       ||     8
       Whip              |    19 |       |       ||    19
       Dagger            |    50 |   104 |    73 ||   227
       Tailslap          |    10 |     9 |     4 ||    23
 Cast: Flame Tongue      |    46 |    53 |    20 ||   119
       Sticky Flame      |       |     3 |     6 ||     9
 Abil: Breathe Frost     |       |       |     1 ||     1
Evoke: Wand              |       |     5 |       ||     5
  Use: Potion            |     4 |     3 |     4 ||    11
       Scroll            |     1 |     5 |       ||     6
 Stab: Sleeping          |     1 |     2 |     1 ||     4
  Eat: Chunk             |     4 |     8 |     3 ||    15
       Ration            |       |     1 |       ||     1
Armor: Skin              |    27 |    26 |    25 ||    78
Dodge: Dodged            |    42 |    55 |    40 ||   137

Table legend:
 A = Spawn XP
 B = Non-spawn XP
 C = Spawn XP percentage of total XP
 D = Spawn monster count
 E = Non-spawn monster count
 F = Spawn count percentage of total count
 G = Total turns spent on level
                    A         B        C        D         E        F      G
               +---------+---------+-------+---------+---------+-------+---------
         Total |       0 |    1153 |   0.0 |       0 |     107 |   0.0 |  5839
               +---------+---------+-------+---------+---------+-------+---------
           D:1 |       0 |      39 |   0.0 |       0 |      23 |   0.0 |  1123
           D:2 |       0 |      99 |   0.0 |       0 |      29 |   0.0 |  1306
           D:3 |       0 |     162 |   0.0 |       0 |      30 |   0.0 |  1427
           D:4 |       0 |     394 |   0.0 |       0 |       8 |   0.0 |  1013
           D:5 |       0 |     459 |   0.0 |       0 |      17 |   0.0 |   970
               +---------+---------+-------+---------+---------+-------+---------
